 Dungeon Crawl Stone Soup version 0.28-a0-883-gc8d7bad45d (webtiles) character file.

Game seed: 2075609442259232406

2723 ytrimaz the Basher (level 9, 0/68 HPs)
             Began as a Demonspawn Fighter on Nov 22, 2021.
             Was a Believer of Dithmenos.
             Slain by a centaur (3 damage)
             ... on level 7 of the Dungeon.
             The game lasted 00:08:50 (7963 turns).

ytrimaz the Basher (Demonspawn Fighter)             Turns: 7963, Time: 00:08:51

Health: 0/68       AC: 21    Str: 19    XL:     9   Next: 40%
Magic:  9/9        EV:  6    Int: 10    God:    Dithmenos [**....]
Gold:   283        SH:  6    Dex: 19    Spells: 8/8 levels left

rFire   + . .      SeeInvis .   a - +0 flail (venom)
rCold   . . .      Faith    .   c - +0 buckler
rNeg    . . .      Spirit   .   l - +0 plate armour
rPois   .          Reflect  .   g - +2 hat
rElec   .          Harm     .   (no cloak)
rCorr   .          Rampage  .   (no gloves)
Will    .....                   t - +2 pair of boots
Stlth   ..........              f - amulet of magic regeneration
HPRegen 0.21/turn               h - ring of protection from fire
MPRegen 0.36/turn               b - +6 ring of dexterity

@: lethally poisoned (0 -> -9), attractive, slowed, wreathed by umbra, very slow
A: slimy green scales 2, powered by pain 1, demonic magic 3
a: Renounce Religion, Shadow Step


You were on level 7 of the Dungeon.
You worshipped Dithmenos.
Dithmenos was pleased with you.
You visited 2 branches of the dungeon, and saw 8 of its levels.

You collected 283 gold pieces.

Inventory:

Hand Weapons
 a - a +0 flail of venom (weapon)
Armour
 c - a +0 buckler (worn)
 g - a +2 hat (worn)
 l - a +0 plate armour (worn)
 t - a +2 pair of boots (worn)
Jewellery
 b - a +6 ring of dexterity (right hand)
 f - an amulet of magic regeneration (around neck)
 h - a ring of protection from fire (left hand)
 j - a ring of fire
Wands
 r - a wand of flame (4) (quivered)
 s - a wand of iceblast (14)
Scrolls
 d - 2 scrolls of identify
 e - 3 scrolls of silence
 i - 2 scrolls of enchant weapon
 k - a scroll of noise
 n - 5 scrolls of teleportation


   Skills:
 + Level 5.6 Fighting
 + Level 8.4 Maces & Flails
 + Level 6.6 Armour
 - Level 4.6 Shields
 * Level 0.5 Invocations
 - Level 1.1 Evocations


You had 8 spell levels left.
You didn't know any spells.
Your spell library contained the following spells:

 Spells                   Type           Power      Damage    Failure   Level
 Magic Dart               Conj           0%         1d3       100%        1
 Summon Small Mammal      Summ           0%         N/A       100%        1
 Call Imp                 Summ           0%         N/A       100%        2
 Corpse Rot               Necr/Air       0%         N/A       100%        2
 Poisonous Vapours        Pois/Air       0%         N/A       100%        2
 Call Canine Familiar     Summ           0%         N/A       100%        3
 Mephitic Cloud           Conj/Pois/Air  0%         N/A       100%        3
 Ozocubu's Armour         Ice            0%         N/A       100%        3
 Portal Projectile        Hex/Tloc       0%         N/A       100%        3
 Stone Arrow              Conj/Erth      0%         3d7       100%        3
 Summon Guardian Golem    Hex/Summ       0%         N/A       100%        3
 Animate Armour           Summ/Erth      0%         N/A       100%        4
 Blade Hands              Tmut           0%         N/A       100%        5
 Excruciating Wounds      Necr           0%         N/A       100%        5
 Ozocubu's Refrigeration  Ice            0%         4d5       100%        7
 Lehudib's Crystal Spear  Conj/Erth      0%         10d2      100%        8


Dungeon Overview and Level Annotations

Branches:
Dungeon (7/15)             Temple (1/1) D:4

Altars:
Ashenzari
Dithmenos
Elyvilon
Fedhas
Gozag
Hepliaklqana
Kikubaaqudgha
Makhleb
Nemelex Xobeh
Okawaru
Qazlal
Sif Muna
Trog
Uskayaw
Vehumet
Wu Jian
Xom
Yredelemnul
The Shining One

Shops:
D:1 *:   D:3 *


Innate Abilities, Weirdness & Mutations

You are mostly covered in slimy green scales. (AC +3)
You sometimes gain a little power by taking damage.
Spells you cast and wands you use may paralyse nearby enemies.


Message History

The hornet closely misses you. The centaur completely misses you.
The centaur kicks you but does no damage.
The hornet barely misses you. The hornet stings you.
You are poisoned.
You feel as though you will be slow longer.
You feel very sick.
The centaur wields a +0 shortbow.
The centaur shoots an arrow.
The arrow hits you! The hornet stings you.
You feel as though you will be slow longer.
You feel very sick.
The centaur unwields a +0 shortbow.
The centaur hits you but does no damage.
The centaur kicks you but does no damage.
The hornet stings you.
You are more poisoned.
You feel as though you will be slow longer.
It was a potion of attraction.
You feel attractive to monsters.
You are no longer corroded.
* * * LOW HITPOINT WARNING * * *
You feel very sick. The hornet stings you!
* * * LOW HITPOINT WARNING * * *
You feel as though you will be slow longer.
You block the centaur's attack. x2; The hornet barely misses you.
The centaur hits you but does no damage.
The centaur kicks you but does no damage.
The hornet barely misses you.
Unknown command.
Unknown command.
You closely miss the hornet.
* * * LOW HITPOINT WARNING * * *
You feel very sick.
The centaur hits you but does no damage.
The centaur kicks you but does no damage.
The hornet stings you but does no damage.
You block the centaur's attack.
The centaur kicks you but does no damage.
The hornet stings you but does no damage.
The centaur hits you.
You die...

######## #######......###
#..............#
##........##.##.#
....##.##.#...#.#
....#...#.......#
..........#...#.#
....#....#...##.###
....##.#...#....@.#
........#...#.##cy# #
.....##...#....#..# ..
...#.#...#........## #.#
.#.#.......#...#...##...##
.#.#.#...#.##.##.†........
...#.##.##................
##............##..........
.#..#...#............##.##


You could see a hornet and a centaur.

Vanquished Creatures
  The ghost of Cancer the Conjurer, a novice GrCj (D:6)
  Menkaure (D:5)
  Eustachio (D:5)
  Duvessa (D:5)
  An ice beast (D:6)
  2 black bears (D:6)
  An ogre (D:4)
  A hornet zombie (D:7)
  A necrophage (D:6)
  A centaur (D:6)
  A kobold brigand (D:7)
  3 bullfrogs
  5 scorpions
  A water moccasin zombie (D:3)
  Dowan (D:5)
  A howler monkey (D:7)
  2 hounds
  A centaur zombie (D:5)
  2 jellies
  3 orc priests
  A gnoll shaman (D:7)
  A bullfrog skeleton (D:6)
  2 iguanas
  Ijyb (D:5)
  Terence (D:3)
  7 orc wizards
  A scorpion zombie (D:5)
  A hound skeleton (D:4)
  Robin (D:2)
  2 howler monkey skeletons
  6 gnolls
  7 adders
  A shadow imp (D:7)
  A white imp (D:7)
  2 ufetubi
  A worm (D:2)
  2 dart slugs
  11 orcs
  7 ball pythons
  8 endoplasms
  5 giant cockroaches
  15 goblins
  6 hobgoblins
  7 jackals (D:3)
  6 quokkas
  6 bats
  5 frilled lizards
  6 kobolds
  5 rats
156 creatures vanquished.

Notes
Turn   | Place    | Note
-------+----------+-------------------------------------------
     0 | D:1      | ytrimaz the Demonspawn Fighter began the quest for the Orb.
     0 | D:1      | Reached XP level 1. HP: 18/18 MP: 1/1
    77 | D:1      | Found a faded altar of an unknown god.
    77 | D:1      | Found Oddoropa's Assorted Antiques.
   193 | D:1      | Gained mutation: Spells you cast may paralyse adjacent
                  | enemies. [demonic ancestry]
   193 | D:1      | Reached XP level 2. HP: 24/24 MP: 2/2
   201 | D:1      | Reached skill level 2 in Maces & Flails
   607 | D:1      | Found Etytwuer's Book Shoppe.
  1082 | D:2      | Noticed Robin
  1093 | D:2      | Gained mutation: You are partially covered in slimy green
                  | scales. (AC +2) [demonic ancestry]
  1093 | D:2      | Reached XP level 3. HP: 27/29 MP: 3/3
  1125 | D:2      | Killed Robin
  1397 | D:2      | Found a bloodstained altar of Trog.
  1513 | D:2      | Reached skill level 3 in Maces & Flails
  1513 | D:2      | Gained mutation: Spells you cast may paralyse nearby
                  | enemies. [demonic ancestry]
  1513 | D:2      | Reached XP level 4. HP: 29/35 MP: 4/4
  2086 | D:3      | Found Tiseg's General Store.
  2112 | D:3      | Gained mutation: You are mostly covered in slimy green
                  | scales. (AC +3) [demonic ancestry]
  2112 | D:3      | Reached XP level 5. HP: 14/41 MP: 5/5
  2667 | D:3      | Noticed Terence
  2686 | D:3      | Killed Terence
  2687 | D:3      | Reached skill level 4 in Maces & Flails
  3183 | D:4      | Reached XP level 6. HP: 33/41 MP: 6/6
  3316 | D:4      | Found a staircase to the Ecumenical Temple.
  3374 | Temple   | Entered the Ecumenical Temple
  3725 | D:4      | Found a shadowy altar of Dithmenos.
  3740 | D:4      | Became a worshipper of Dithmenos the Shadowed
  3979 | D:4      | Reached skill level 5 in Maces & Flails
  4298 | D:4      | Found a sparkling altar of Nemelex Xobeh.
  4488 | D:4      | Gained mutation: Spells you cast and wands you use may
                  | paralyse nearby enemies. [demonic ancestry]
  4488 | D:4      | Reached XP level 7. HP: 25/54 MP: 7/7
  4891 | D:5      | Entered Level 5 of the Dungeon
  5030 | D:5      | Noticed Ijyb
  5041 | D:5      | Killed Ijyb
  5374 | D:5      | Noticed Duvessa
  5374 | D:5      | Noticed Dowan
  5376 | D:5      | Noticed Menkaure
  5384 | D:5      | Noticed Eustachio
  5390 | D:5      | Killed Duvessa
  5391 | D:5      | Reached skill level 6 in Maces & Flails
  5400 | D:5      | Killed Menkaure
  5401 | D:5      | Reached skill level 5 in Armour
  5401 | D:5      | Reached XP level 8. HP: 39/61 MP: 8/8
  5413 | D:5      | Killed Eustachio
  5427 | D:5      | Killed Dowan
  5919 | D:5      | Found a hide-covered altar of Uskayaw.
  6013 | D:6      | Found a runed translucent door.
  6024 | D:6      | Reached * piety under Dithmenos
  6026 | D:6      | Noticed Cancer's ghost (novice GrCj)
  6095 | D:6      | Killed Cancer's ghost
  6096 | D:6      | Reached skill level 5 in Fighting
  6096 | D:6      | Reached skill level 7 in Maces & Flails
  6442 | D:6      | Gained mutation: You sometimes gain a little power by
                  | taking damage. [demonic ancestry]
  6442 | D:6      | Reached XP level 9. HP: 43/68 MP: 9/9
  6727 | D:6      | Reached skill level 8 in Maces & Flails
  6825 | D:6      | Found an iron altar of Okawaru.
  7113 | D:6      | Found a shimmering blue altar of Sif Muna.
  7517 | D:7      | Reached skill level 1 in Evocations
  7636 | D:7      | Reached ** piety under Dithmenos
  7963 | D:7      | HP: 3/68 [poisoned by a hornet]
  7963 | D:7      | Slain by a centaur

Illustrated notes

Levels and vault maps discovered:
D:1:      scummos_arrival_checkerplants, layout_loops_ring,
          basic_ecumenical_altar, serial_shops, nicolae_lakefront_shop,
          nicolae_shop_trees, st_stairs_5, minmay_tiny_reverse_x
D:2:      layout_loops_ring, basic_altar, wander_ebering_terrifying_dragon_lair,
          uniq_robin
D:3:      layout_basic, serial_shops, shop, fountainhead, st_stairs_11,
          uniq_terence
D:4:      layout_loops_corners, nicolae_dithmenos_the_darkroom,
          gammafunk_temple_overflow_elements, minmay_temple_entry_statues
D:5:      layout_cave_pools, marbit_many_paths, uniq_duvessa, uniq_ijyb,
          uniq_menkaure, uniq_eustachio
D:6:      layout_basic, mainiacjoe_overflow_24_doors, lemuel_blue_sif_altar,
          ebering_ghost_sewer_d
D:7:      layout_rooms, hangedman_decor_clover_reticule
Temple:   cyrus_circular_temple

Skill      XL: |  1  2  3  4  5  6  7  8  9 |
---------------+----------------------------+-----
Maces & Flails | 2 3 4 5 6 7 8 |  8.4
Armour         | 3 4 5 6 |  6.6
Shields        | 3 4 |  4.6
Fighting       | 4 5 |  5.6
Evocations     | 1 |  1.1
Invocations    | |  0.5

Action                   |  1- 3 |  4- 6 |  7- 9 || total
-------------------------+-------+-------+-------++-------
Melee: Flail             |   116 |   192 |   325 ||   633
Evoke: Wand              |       |       |     7 ||     7
  Use: Scroll            |     3 |     3 |     6 ||    12
       Potion            |     1 |       |    10 ||    11
 Stab: Paralysed         |       |       |     3 ||     3
Armor: Chain mail        |    37 |       |       ||    37
       Scale mail        |     3 |       |       ||     3
       Plate armour      |    40 |   151 |   253 ||   444
       Skin              |       |       |    20 ||    20
Dodge: Dodged            |    40 |    37 |    85 ||   162
Block: Buckler           |    38 |    59 |    86 ||   183

Table legend: (Time is in decaauts)
 A = Elapsed time spent in this place.
 B = Non-inter-level travel time spent in this place.
 C = Inter-level travel time spent in this place.
 D = Time resting spent in this place.
 E = Time spent auto-exploring this place.
 F = Levels seen in this place.
 G = Mean time per level.
                   A        B        C        D        E       F      G
               +--------+--------+--------+--------+--------+-----+--------+
         Total |   8049 |   7806 |    243 |    953 |   5214 |   8 | 1006.1 |
       Dungeon |   7963 |   7720 |    243 |    953 |   5151 |   7 | 1137.6 |
        Temple |     86 |     86 |      0 |      0 |     63 |   1 |   86.0 |
               +--------+--------+--------+--------+--------+-----+--------+

Top non-repeatable levels by time:
     D:4: 1785 daAuts
     D:6: 1542 daAuts
     D:3: 1150 daAuts
     D:1: 1094 daAuts
     D:2: 963 daAuts
     D:5: 949 daAuts
     D:7: 477 daAuts
  Temple: 86 daAuts
